 Dungeon Crawl Stone Soup version 0.30-a0-777-ga9a30cbeda (webtiles) character file.

Game seed: 18256868993866178427

66 qeuew the Conjurer (level 3, -2/19 HPs)
             Began as a Deep Elf Conjurer on Feb 14, 2023.
             Slain by an orc wizard
             ... wielding a +0 dagger
              (3 damage)
             ... on level 2 of the Dungeon.
             The game lasted 00:02:13 (1924 turns).

qeuew the Conjurer (Deep Elf Conjurer)              Turns: 1924, Time: 00:02:13

Health: -2/19      AC:  2    Str:  4    XL:     3   Next: 96%
Magic:  1/10       EV: 13    Int: 24    God:
Gold:   97         SH:  0    Dex: 13    Spells: 6/9 levels left

rFire   . . .      SeeInvis .    e - staff of cold
rCold   + . .      Faith    .    (no shield)
rNeg    . . .      Spirit   .    a - +0 robe
rPois   .          Reflect  .    (no helmet)
rElec   .          Harm     .    (no cloak)
rCorr   .          Rampage  .    (no gloves)
Will    .....                    (no boots)
Stlth   ++                       (no amulet)
HPRegen 0.23/turn                (no ring)
MPRegen 0.12/turn                (no ring)

@: flying
A: no striking features
a: no special abilities


You were on level 2 of the Dungeon.
You visited 1 branch of the dungeon, and saw 2 of its levels.

You collected 97 gold pieces.

Inventory:

Armour
 a - a +0 robe (worn)
Magical Staves
 e - a staff of cold (weapon)
Scrolls
 d - 3 scrolls of identify {unknown}
 f - a scroll of torment {unknown}
 h - a scroll of fog {unknown}
Potions
 b - a potion of magic
 g - a potion of heal wounds {unknown}


   Skills:
 + Level 3.2 Dodging
 + Level 3.3 Stealth
 + Level 3.7 Spellcasting
 + Level 4.8 Conjurations
 + Level 0.6 Ice Magic
 + Level 0.5 Evocations


You had 6 spell levels left.
You knew the following spells:

 Your Spells              Type           Power      Damage    Failure   Level
a - Magic Dart            Conj           100%       1d8       1%          1
b - Searing Ray           Conj           54%        2d6       1%          2

Your spell library contained the following spells:

 Spells                   Type           Power      Damage    Failure   Level
 Beastly Appendage        Tmut           8%         N/A       10%         1
 Dazzling Flash           Conj/Hex       32%        N/A       11%         3
 Wereblood                Tmut           4%         N/A       16%         2
 Spider Form              Tmut/Pois      4%         N/A       30%         3
 Fulminant Prism          Conj/Hex       8%         3d6       36%         4
 Iskenderun's Mystic Bla  Conj/Tloc      16%        2d5       36%         4


Dungeon Overview and Level Annotations

Branches:
Dungeon (2/15)

Altars:


Message History

An orc comes into view. It is wielding a +0 club.
The magic dart hits the orc.
You kill the orc!
The orc shouts!
The orc wizard gestures at you while chanting.
You resist with some effort.
The magic dart hits the orc wizard.
The orc wizard is almost dead.
The orc wizard points at you and mumbles some strange words.
You resist with some effort.
You are out of magic!
You are out of magic!
You are out of magic!
You are out of magic!
You are out of magic!
The orc wizard casts a spell at you. The puff of flame hits you!
Ouch! That really hurt!
The orc wizard hits you with a +0 dagger.
Things that are here:
a +0 hand axe; a +0 leather armour; an orc corpse You hit the orc wizard but do no damage.
The orc wizard is almost dead.
The orc wizard hits you with a +0 dagger.
* * * LOW HITPOINT WARNING * * *
Your magical contamination has completely faded away.
You miss the orc wizard.
The orc wizard is almost dead.
The orc wizard misses you.
You barely miss the orc wizard.
The orc wizard is almost dead.
The orc wizard gestures wildly while chanting.
The orc wizard flickers and vanishes!
Deactivating autopickup; reactivate with Ctrl-A.
Something hits you.
* * * LOW HITPOINT WARNING * * *
It was a potion of flight.
You feel very buoyant.
You fly up into the air.
Something hits you.
You die...

.#....... #..#
......# ##.#
.#.#### #.#
.#.# #.#
.#.##### #.#
.#...... #.#
<...# #.#
.###.###
..###########.#
## # .
....oo{@......#
# .#
..#############
## #.# .###.#
#...#####..
...........
..<######.#
##........
#########


You could see 2 orcs.

Vanquished Creatures
  An adder (D:2)
  A dart slug (D:2)
  2 orcs (D:2)
  An endoplasm (D:1)
  2 giant cockroaches (D:1)
  8 goblins
  10 hobgoblins (D:1)
  2 jackals (D:1)
  A quokka (D:2)
  6 ball pythons
  3 bats (D:1)
  A frilled lizard (D:2)
  5 kobolds
  7 rats
50 creatures vanquished.

Notes
Turn   | Place    | Note
-------+----------+-------------------------------------------
     0 | D:1      | qeuew the Deep Elf Conjurer began the quest for the Orb.
     0 | D:1      | Reached XP level 1. HP: 10/10 MP: 6/6
   138 | D:1      | Reached XP level 2. HP: 15/15 MP: 0/8
   146 | D:1      | Learned a level 2 spell: Searing Ray
   526 | D:1      | Reached XP level 3. HP: 19/19 MP: 2/10
  1924 | D:2      | Slain by an orc wizard

Illustrated notes

Levels and vault maps discovered:
D:1:      ebering_trefoil_3fold, layout_rooms, chequers_serial_rivers_room_b
D:2:      layout_loops_ring

Skill      XL: |  1  2  3 |
---------------+----------+-----
Stealth        | 3 |  3.3
Dodging        | 3 |  3.2
Spellcasting   | |  3.7
Conjurations   | |  4.8
Ice Magic      | |  0.6
Evocations     | |  0.5

Action                     || total
---------------------------++-------
  Melee: Staff             ||     3
   Cast: Magic Dart        ||    92
    Use: Scroll            ||     2
         Potion            ||     2
 Armour: Robe              ||     1
  Dodge: Dodged            ||     3

Table legend: (Time is in decaauts)
 A = Elapsed time spent in this place.
 B = Non-inter-level travel time spent in this place.
 C = Inter-level travel time spent in this place.
 D = Time resting spent in this place.
 E = Time spent auto-exploring this place.
 F = Levels seen in this place.
 G = Mean time per level.
                   A        B        C        D        E       F      G
               +--------+--------+--------+--------+--------+-----+--------+
         Total |   1924 |   1847 |     77 |    104 |   1555 |   2 |  962.0 |
       Dungeon |   1924 |   1847 |     77 |    104 |   1555 |   2 |  962.0 |
               +--------+--------+--------+--------+--------+-----+--------+

Top non-repeatable levels by time:
     D:1: 1177 daAuts
     D:2: 746 daAuts
